 Dungeon Crawl Stone Soup version 0.20.0-8-g6b59dc7 (webtiles) character file.

502420 4thArraOfDagon the Executioner (level 23, -11/232 HPs)
             Began as a Minotaur Fighter on May 31, 2017.
             Was the Champion of Okawaru.
             Mangled by Khufu (26 damage)
             ... on level 3 of the Tomb of the Ancients.
             The game lasted 02:11:45 (20228 turns).

4thArraOfDagon the Executioner (Minotaur Fighter)  Turns: 20228, Time: 02:11:46

Health: -11/232    AC: 23    Str: 24 (27) XL:     23   Next: 45%
Magic:  22/31      EV: 27    Int: 16 (19) God:    Okawaru [******]
Gold:   2484       SH:  0    Dex: 19      Spells: 10/34 levels left

rFire    + + +     SeeInvis +   a - +11 executioner's axe "Qabuq" {freeze, rPois Str+2}
rCold    + + +     Gourm    .   (shield currently unavailable)
rNeg     + + +     Faith    .   J - +1 scale mail "Roguste" {rPois rN++ SInv Stlth-}
rPois    +         Spirit   .   u - +0 hat "Zifuf" {+Inv rF+ Dex+4}
rElec    .         Reflect  .   o - scarf {rC+ rF+}
rCorr    +         Harm     .   R - +0 pair of gloves of Okawaru's Hatred {MR+ Str+3 Int+3}
MR       ++...                  t - +2 pair of boots
Stlth    +.........             O - amulet of regeneration
Regen    1.9/turn               h - ring of the Firefly {rCorr *Contam rF+ rC+++ Dex+2}
MPRegen  0.3/turn               G - ring of positive energy

@: brilliant, about to teleport, heroism, very slightly contaminated,
regenerating, hasted and slowed
A: retaliatory headbutt, beak, claws 1, horns 2, slimy green scales 1, thin
metallic scales 1, robust 1
}: 4/15 runes: barnacled, slimy, silver, gossamer
a: Heroism, Finesse, Renounce Religion, Evoke Invisibility


You were on level 3 of the Tomb of the Ancients.
You worshipped Okawaru.
Okawaru was exalted by your worship.
You were full.

You visited 10 branches of the dungeon, and saw 50 of its levels.
You visited the Abyss 2 times.
You visited 1 bazaar.
You also visited: Ossuary, Ice Cave and Wizlab.

You collected 4521 gold pieces.
You spent 2037 gold pieces at shops.

Inventory:

Hand Weapons
 a - the +11 executioner's axe "Qabuq" (weapon) {freeze, rPois Str+2}
   (You acquired it on level 15 of the Dungeon)

   It has been specially enchanted to freeze those struck by it, causing extra
   injury to most foes and up to half again as much damage against particularly
   susceptible opponents.
   It can also slow down cold-blooded creatures.
   It affects your strength (+2).
   It protects you from poison.
 A - the +7 battleaxe "Dragonslayer" {chop, Int+3}
   (Okawaru gifted it to you on level 3 of the Crypt)

   It inflicts extra damage upon your enemies.
   It affects your intelligence (+3).
Missiles
 m - 3 throwing nets (quivered)
Armour
 o - a scarf of resistance (worn)
 t - a +2 pair of boots (worn)
 u - the +0 hat "Zifuf" (worn) {+Inv rF+ Dex+4}
   (You found it in an ice cave)

   It affects your dexterity (+4).
   It protects you from fire.
   It lets you turn invisible.
 J - the +1 scale mail "Roguste" (worn) {rPois rN++ SInv Stlth-}
   (Okawaru gifted it to you on level 1 of the Vaults)

   It protects you from poison.
   It greatly protects you from negative energy.
   It lets you see invisible.
   It makes you less stealthy.
 K - the +6 chain mail of Pushef {Str+4 Int+3 SInv}
   (Okawaru gifted it to you on level 2 of the Orcish Mines)

   It affects your strength (+4).
   It affects your intelligence (+3).
   It lets you see invisible.
 R - the +0 pair of gloves of Okawaru's Hatred (worn) {MR+ Str+3 Int+3}
   (Okawaru gifted it to you on level 1 of the Crypt)

   It affects your strength (+3).
   It affects your intelligence (+3).
   It affects your resistance to hostile enchantments.
 Z - the +5 scale mail "Temidopo" {rElec rPois Dex+10 SInv}
   (You bought it in a shop in a bazaar)

   It affects your dexterity (+10).
   It insulates you from electricity.
   It protects you from poison.
   It lets you see invisible.
Magical Staves
 w - an uncursed staff of wizardry {!a}
Jewellery
 d - the ring "Muifaups" {+Fly Stlth+}
   (You found it on level 3 of the Elven Halls)

   [ring of flight]

   It lets you fly.
   It makes you more stealthy.
 h - the ring of the Firefly (left hand) {rCorr *Contam rF+ rC+++ Dex+2}
   (You found it on level 5 of the Vaults)

   [ring of resist corrosion]

   It affects your dexterity (+2).
   It protects you from fire.
   It renders you almost immune to cold.
   It causes magical contamination when unequipped.
 i - a +6 ring of intelligence
 D - the amulet of Oxtevegh {RegenMP *Contam MR+++ MP+9 SInv}
   (You found it on level 3 of the Elven Halls)

   [amulet of magic regeneration]

   It increases your magic regeneration.
   It affects your resistance to hostile enchantments.
   It affects your magic capacity (+9).
   It lets you see invisible.
   It causes magical contamination when unequipped.
 G - a ring of positive energy (right hand)
 O - an amulet of regeneration (around neck)
 Y - an uncursed ring of protection from fire
Wands
 P - a wand of digging (8/24)
 U - a wand of clouds (5/9)
Scrolls
 c - a scroll of holy word
 j - 7 scrolls of teleportation
 s - 9 scrolls of recharging
 y - 10 scrolls of remove curse
 z - 3 scrolls of magic mapping
 B - a scroll of fog
 C - 8 scrolls of fear
 E - a scroll of identify
 H - 6 scrolls of summoning
 L - a scroll of amnesia
 V - 4 scrolls of immolation
 W - 3 scrolls of silence
Potions
 e - 3 potions of resistance
 g - 3 potions of cancellation
 l - 12 potions of agility
 n - 3 potions of brilliance
 q - 9 potions of mutation
 r - 2 potions of haste
 v - 5 potions of curing
 x - 6 potions of might
 I - 3 potions of magic
 Q - 6 potions of ambrosia
 T - 3 potions of invisibility
 X - a potion of flight
Miscellaneous
 b - a phial of floods
 F - a lamp of fire
 M - a lightning rod (4/4)
 N - 5 phantom mirrors
Comestibles
 f - 16 bread rations
 p - 18 meat rations


   Skills:
 + Level 18.7(23.7) Fighting
 - Level 25.0(27) Axes
 + Level 19.0(24.0) Armour
 + Level 15.2(20.2) Dodging
   Level 3.6(8.6) Shields
 - Level 6.4 Spellcasting
 - Level 9.1 Hexes
 - Level 7.5 Charms
 - Level 7.9 Necromancy
 * Level 4.7 Translocations
 - Level 7.6 Air Magic
 - Level 12.7 Invocations
 - Level 4.3 Evocations


You had 10 spell levels left.
You knew the following spells:

 Your Spells              Type           Power        Failure   Level  Hunger
a - Regeneration          Chrm/Necr      #####.....   1%          3    ##.....
b - Spectral Weapon       Hex/Chrm       #####...     1%          3    ##.....
c - Silence               Hex/Air        #####.....   2%          5    #####..
d - Lee's Rapid Deconstr  Erth           ##........   45%         5    #####..
e - Passwall              Tmut/Erth      ##........   3%          2    None
f - Passage of Golubria   Tloc           N/A          3%          4    ####...
g - Swiftness             Chrm/Air       #####...     1%          2    None


Dungeon Overview and Level Annotations

Branches:
Dungeon (15/15)              Lair (6/6) D:9          Shoals (4/4) Lair:4
 Spider (4/4) Lair:4        Slime (5/5) Lair:6          Orc (2/2) D:9
    Elf (3/3) Orc:2        Vaults (5/5) D:13          Crypt (3/3) Vaults:2
   Tomb (3/3) Crypt:3      Depths (0/5) D:15
 Temple: D:4-7

Altars:
Elyvilon
Fedhas
Kikubaaqudgha
Okawaru
Yredelemnul
Jiyva

Shops:
D:10 *   Orc:2 !!(*   Elf:3 }=}   Vaults:1 %*[%   Vaults:3 *

Annotations:
Tomb:3 Khufu


Innate Abilities, Weirdness & Mutations

You reflexively headbutt those who attack you in melee.
You have a pair of horns on your head.
You have a beak for a mouth.
You have sharp fingernails.
You are partially covered in slimy green scales. (AC +2)
You are partially covered in thin metallic scales. (AC +2)
You are robust. (+10% HP)


Message History

Unknown command.
Unknown command.
Okay, then.
Unknown command.
Unknown command.
You feel better.
The greater mummy casts a spell.
The ushabti shakes and rattles.
The vile air hits the greater mummy.
The vile air hits you!
* * * LOW HITPOINT WARNING * * *
The vile air hits Khufu.
The ushabti shakes and rattles deafeningly!
The ushabti hits you but does no damage.
The greater mummy mumbles some strange words.
The ushabti hits you but does no damage.
The ushabti shakes and rattles deafeningly!
The greater mummy completely misses you.
You furiously retaliate!
You headbutt the greater mummy, but do no damage.
The guardian mummy barely misses you. Khufu hits you!!
You die...

#....Ms...#..§.M.L...##
#......M.4#...M4M....#
#..M..M8MM3Ms4.s...##
#....!.zzMM8LzW....#
#....†.LzzsM8M.....#
##+####....zsssMz8.....####+#
###....##..MMsz8s8MM.....##....
##$.....^##.s8M88MsMM....##.....
#$........##..M@8sM$M...##......
##$/.......<##ssMMMM4...##<......
#$[..........##..s8....##..^^....
#$$$^......^..##......##.^M.§....
#$$$$$^.....^.##......##.§b......
#($$$$$$.§§....#......#.8§......$
#$$$$$$$$§§..8M#.....b#.M......$$
##$$$$$$)$...Z.'......'........$=
##$$$$$$$)....#M....8#.......$$)


You could see Khufu, 4 greater mummies, 4 emperor scorpions, an ancient lich, a
revenant, a bennu, an ancient champion, 5 mummy priests, a skeletal warrior, a
sun demon, an orange demon, 13 guardian mummies, 11 ushabtiu, an ice devil, a
rust devil, a hungry ghost, 9 death scarabs, a red devil, 6 flying skulls and 4
mummies.

Vanquished Creatures
  the Royal Jelly (Slime:5)
  2 ancient liches
  Mara (Vaults:4)
  2 greater mummies (Tomb:1)
  Boris (twice) (Vaults:4 Crypt:1)
  Frederick (Tomb:1)
  Saint Roka (Vaults:4)
  Nikola (Shoals:1)
  A golden dragon (Vaults:5)
  A bone dragon (Crypt:3)
  Arachne (Spider:2)
  5 liches
  3 tentacled monstrosities (Vaults:5)
  Jorgrun (Spider:2)
  3 deep elf blademasters (Elf:3)
  5 titans (Vaults:5)
  6 deep elf master archers (Elf:3)
  The ghost of inmateoo the Unseen, an adept KoAs of Okawaru (Vaults:2)
  Polyphemus (Shoals:3)
  11 sphinxes
  12 acid blobs
  An ancient champion (Crypt:1)
  2 storm dragons (Vaults:5)
  2 shadow dragons (Vaults:5)
  4 tengu reavers
  Ilsuiw (Shoals:4)
  A fire giant (Vaults:5)
  Donald (Elf:1)
  9 azure jellies
  4 frost giants
  An iron dragon (Vaults:5)
  An orc warlord (Orc:2)
  13 vault wardens
  3 ghost moths (Spider:4)
  3 deep elf sorcerers (Elf:3)
  Louise (Elf:2)
  Aizul (Spider:2)
  A curse skull (Crypt:3)
  A cacodemon (Abyss:3)
  7 emperor scorpions (Spider:4)
  6 ghouls (Crypt:1)
  A deep elf elementalist (Elf:3)
  13 ironheart preservers
  8 stone giants
  6 entropy weavers
  5 very ugly things
  A bennu (Tomb:2)
  4 vampire knights
  3 deep elf demonologists
  5 war gargoyles
  9 deep elf annihilators
  A spark wasp (Spider:4)
  4 ettins
  Snorg (Lair:6)
  8 death oozes (Slime:5)
  6 merfolk impalers
  A crystal guardian (Vaults:4)
  5 great orbs of eyes
  9 mummy priests
  9 jiangshi
  5 merfolk javelineers (Shoals:4)
  6 deep elf death magi (Elf:3)
  3 fire dragons
  3 deep elf high priests
  8 yaktaur captains
  An ice dragon (Vaults:1)
  33 vault guards
  5 catoblepae
  3 hydras
  A rakshasa (Abyss:3)
  6 centaur warriors
  10 ogre magi
  9 death yaks
  An alligator snapping turtle (Shoals:4)
  3 merfolk aquamancers (Shoals:4)
  3 deep troll shamans
  43 two-headed ogres
  A tengu warrior (D:13)
  3 death knights
  19 death scarabs
  4 orc high priests
  2 deep troll earth magi (Vaults:1)
  5 vampire magi
  A thrashing horror (Abyss:3)
  17 dancing weapons
  Nergalle (Orc:1)
  2 shock serpents (shapeshifter) (Vaults:5)
  Urug (Orc:1)
  9 deep elf knights
  7 hell knights (Crypt:3)
  2 storm dragon zombies
  A soul eater (Crypt:1)
  3 sixfirhies (Abyss:3)
  3 wretched stars (Abyss:3)
  An unseen horror (D:14)
  A spatial maelstrom (Abyss:3)
  22 skeletal warriors
  2 golden dragon zombies
  4 sea snakes
  13 ironbrand convokers
  4 glowing orange brains
  4 wizards
  3 phantasmal warriors
  3 deep elf archers
  12 deep trolls
  3 flayed ghosts
  9 harpies
  17 orc knights
  38 deep elf magi
  2 iron dragon zombies (Crypt:3)
  A faun (shapeshifter) (Vaults:5)
  A necromancer (Crypt:1)
  15 wolf spiders
  4 shining eyes
  6 orb spiders
  7 ugly things
  A stone giant zombie (Crypt:1)
  A shadow dragon skeleton (Crypt:3)
  2 moths of wrath
  A faun (Shoals:2)
  10 manticores
  A shock serpent zombie (Crypt:1)
  A manticore (shapeshifter) (Vaults:5)
  3 orc sorcerers (Orc:2)
  3 stone giant skeletons
  2 centaur zombies
  7 cyclopes
  Joseph (D:8)
  2 merfolk sirens (Shoals:4)
  4 water nymphs
  9 smoke demons
  10 vault sentinels
  4 black mambas
  2 torpor snails
  A spiny frog (shapeshifter) (Vaults:1)
  2 dire elephant skeletons
  2 gargoyles
  9 spiny frogs
  A centaur skeleton (D:13)
  An eye of devastation (Slime:5)
  A hellion (WizLab)
  2 rime drakes (Lair:2)
  A kobold demonologist (WizLab)
  5 freezing wraiths
  2 efreet
  29 yaktaurs
  2 ice devils
  4 komodo dragons
  4 red devils
  10 demonic crawlers
  11 guardian mummies
  2 harpy zombies
  A queen bee (Lair:2)
  6 wind drakes
  A polar bear (shapeshifter) (Vaults:1)
  12 polar bears (IceCv)
  6 trolls
  A tengu conjurer (D:12)
  Grinder (D:6)
  A merfolk (shapeshifter) (Vaults:5)
  3 meliai (D:14)
  A queen bee (shapeshifter) (D:14)
  12 merfolk
  18 jumping spiders
  2 raiju (Abyss:3)
  59 slime creatures
  4 hornets
  6 blink frogs
  8 hippogriffs
  2 ettin zombies
  2 hydra skeletons (Crypt:3)
  6 snapping turtles
  A centaur simulacrum (D:15)
  2 air elementals
  37 redbacks
  12 flying skulls
  2 redbacks (shapeshifter) (Vaults:5)
  4 shadows
  A ynoxinul (Abyss:3)
  8 wraiths
  3 large abominations (Abyss:3)
  5 vampires (Crypt:3)
  3 fire bats (Abyss:3)
  5 wyverns (Lair:2)
  22 tarantellas
  64 yaks
  3 fire elementals
  4 golden eyes (Slime:1)
  3 basilisks
  6 water elementals
  4 hungry ghosts
  3 ushabtiu (Tomb:1)
  2 vampire mosquitoes (Spider:4)
  A neqoxec (Abyss:3)
  A soldier ant (shapeshifter) (D:13)
  5 wargs
  A swamp worm (shapeshifter) (Vaults:5)
  3 acid dragons (Vaults:1)
  A porcupine (Lair:5)
  A spiny frog zombie (Tomb:1)
  6 water moccasins
  A floating eye (Slime:5)
  42 orc warriors
  2 snapping turtle zombies (Crypt:3)
  A hornet zombie (D:15)
  A sky beast (D:10)
  A floating eye (shapeshifter) (Elf:3)
  A spiny frog skeleton (Crypt:3)
  3 phantoms
  3 necrophages
  2 black bears
  5 eyes of draining
  14 ice beasts
  34 ogres
  5 boggarts (Vaults:2)
  A manticore skeleton (Tomb:1)
  A swamp dragon zombie (Crypt:1)
  A small abomination (Abyss:3)
  16 centaurs
  16 wolves
  5 crocodiles
  A hog skeleton (Crypt:1)
  Blork the orc (D:6)
  A fire crab zombie (Crypt:1)
  2 elf zombies (Ossuary)
  8 bullfrogs
  2 scorpions
  A troll zombie (D:9)
  33 killer bees
  14 wights
  6 electric eels
  3 crimson imps
  2 bullfrog zombies
  A lava snake (D:14)
  15 orc priests
  4 starcursed masses (Abyss:3)
  A human zombie (Ossuary)
  2 hounds
  9 jellies
  20 orc wizards
  2 iguanas
  A bullfrog skeleton (D:13)
  A human skeleton (Abyss:3)
  7 worker ants
  4 big kobold zombies (Ossuary)
  5 ogre zombies (D:9)
  22 mummies
  4 gnolls (D:9)
  10 adders
  A shadow imp (D:14)
  2 oozes
  3 worms (Lair:4)
  A dart slug (D:3)
  3 leopard geckos
  92 orcs
  6 giant cockroaches
  3 goblins (D:2)
  A hobgoblin (D:2)
  4 jackals (D:3)
  2 kobolds
  7 quokkas
  A ball python (D:5)
  4 bats
  2 frilled lizards
  2 goblin skeletons (D:9)
  4 goblin zombies
  5 hobgoblin zombies (Ossuary)
  A jackal skeleton (D:7)
  A kobold skeleton (Crypt:3)
  4 kobold zombies (Ossuary)
  2 orc skeletons (D:9)
  23 orc zombies
  5 rats
  3 rat zombies (Ossuary)
  A fungus (Lair:5)
  6 plants
1664 creatures vanquished.

Vanquished Creatures (collateral kills)
  A death ooze (Slime:5)
  3 orb spiders (Spider:4)
  A redback (Spider:4)
5 creatures vanquished.

Vanquished Creatures (others)
  3 death scarabs (Tomb:2)
  A skeletal warrior (Tomb:2)
  A merfolk (Shoals:1)
  6 flying skulls (Tomb:2)
  A spiny frog zombie (Tomb:1)
  An orc wizard (Orc:1)
  3 orcs
  A bush (D:7)
  5 plants
  A spectral weapon (Crypt:1)
  A withered plant (Crypt:3)
24 creatures vanquished.

Grand Total: 1693 creatures vanquished

Notes
Turn   | Place    | Note
-------+----------+-------------------------------------------
     0 | D:1      | 4thArraOfDagon the Minotaur Fighter began the quest for the Orb.
     0 | D:1      | Reached XP level 1. HP: 19/19 MP: 0/0
   109 | D:2      | Reached skill level 3 in Axes
   109 | D:2      | Reached XP level 2. HP: 18/27 MP: 1/1
   283 | D:3      | Reached XP level 3. HP: 33/33 MP: 2/2
   388 | D:4      | Found an iron altar of Okawaru.
   395 | D:4      | Became a worshipper of Warmaster Okawaru
   454 | D:5      | Entered Level 5 of the Dungeon
   570 | D:3      | Found a faded altar of an unknown god.
   620 | D:4      | Reached skill level 4 in Axes
   620 | D:4      | Reached XP level 4. HP: 19/40 MP: 3/3
   641 | D:4      | Reached skill level 1 in Invocations
   936 | D:5      | Noticed an ice beast
   948 | D:5      | Reached XP level 5. HP: 41/46 MP: 4/4
   950 | D:5      | Noticed an ogre
   951 | D:5      | Noticed a centaur
   951 | D:5      | Reached * piety under Okawaru
   951 | D:5      | Reached skill level 5 in Axes
   953 | D:5      | Killed an ice beast
   953 | D:5      | Reached XP level 6. HP: 48/53 MP: 2/6
   958 | D:5      | Reached skill level 5 in Armour
   958 | D:5      | Reached ** piety under Okawaru
   958 | D:5      | Reached skill level 5 in Fighting
   958 | D:5      | Reached skill level 6 in Axes
  1048 | D:6      | Noticed Grinder
  1054 | D:6      | Paralysed by Grinder for 2 turns
  1074 | D:6      | Paralysed by Grinder for 5 turns
  1082 | D:6      | Killed Grinder
  1082 | D:6      | Reached XP level 7. HP: 34/61 MP: 5/8
  1127 | D:6      | Reached skill level 7 in Axes
  1471 | D:8      | Noticed Joseph
  1484 | D:8      | Killed Joseph
  1484 | D:8      | Reached *** piety under Okawaru
  1484 | D:8      | Reached skill level 8 in Axes
  1484 | D:8      | Reached XP level 8. HP: 50/71 MP: 7/9
  1519 | D:8      | Noticed a hippogriff
  1533 | D:8      | Killed a hippogriff
  1533 | D:8      | Reached skill level 9 in Axes
  1574 | D:8      | Noticed a two-headed ogre
  1601 | D:8      | Killed a two-headed ogre
  1601 | D:8      | Reached **** piety under Okawaru
  1601 | D:8      | Reached skill level 10 in Axes
  1601 | D:8      | Reached XP level 9. HP: 14/80 MP: 10/10
  1636 | D:8      | Found a sand-covered staircase.
  1644 | Ossuary  | Entered an ossuary
  1728 | Ossuary  | Received a gift from Okawaru
  1861 | D:8      | Found a white marble altar of Elyvilon.
  1920 | D:9      | Noticed a troll
  2218 | D:7      | Reached skill level 11 in Axes
  2356 | D:6      | Noticed Blork the orc
  2366 | D:6      | Killed Blork the orc
  2381 | D:6      | Reached ***** piety under Okawaru
  2469 | D:7      | Found a blossoming altar of Fedhas.
  2470 | D:7      | Noticed a manticore
  2753 | D:7      | Killed a manticore
  2782 | D:7      | Reached skill level 12 in Axes
  2789 | D:7      | Reached XP level 10. HP: 56/91 MP: 9/11
  3117 | D:9      | Found a staircase to the Orcish Mines.
  3226 | Orc:1    | Entered Level 1 of the Orcish Mines
  3226 | Orc:1    | Noticed Urug
  3237 | Orc:1    | Killed Urug
  3237 | Orc:1    | Received a gift from Okawaru
  3237 | Orc:1    | Reached skill level 13 in Axes
  3237 | Orc:1    | Reached skill level 1 in Evocations
  3345 | Orc:1    | Noticed a deep elf mage
  3346 | Orc:1    | Noticed Nergalle
  3358 | Orc:2    | Entered Level 2 of the Orcish Mines
  3358 | Orc:2    | Noticed an orc knight
  3380 | Orc:2    | Killed an orc knight
  3383 | Orc:2    | Reached skill level 10 in Fighting
  3383 | Orc:2    | Reached skill level 10 in Armour
  3460 | Orc:2    | Noticed an orc warlord
  3503 | Orc:2    | Killed an orc warlord
  3503 | Orc:2    | Received a gift from Okawaru
  3503 | Orc:2    | Reached XP level 11. HP: 43/100 MP: 1/13
  3504 | Orc:2    | Got a faintly glowing chain mail {god gift}
  3515 | Orc:2    | Identified the +6 chain mail of Pushef {Str+4 Int+3 SInv} (Okawaru gifted it to you on level 2 of the Orcish Mines)
  3515 | Orc:2    | :(
  3621 | Orc:2    | Found a staircase to the Elven Halls.
  3656 | Orc:2    | Noticed an orc knight
  3686 | Orc:2    | Killed an orc knight
  3926 | Orc:1    | Noticed an orc high priest
  3931 | Orc:1    | Killed an orc high priest
  3931 | Orc:1    | Reached skill level 14 in Axes
  3931 | Orc:1    | Reached skill level 5 in Invocations
  3948 | Orc:1    | Noticed a deep elf mage
  3957 | Orc:1    | Killed a deep elf mage
  3959 | Orc:1    | Noticed a deep elf mage
  4327 | Orc:2    | Noticed an orc knight
  4348 | Orc:2    | Killed an orc knight
  4351 | Orc:2    | Noticed an orc sorcerer
  4363 | Orc:2    | Killed an orc sorcerer
  4364 | Orc:2    | Noticed an orc high priest
  4376 | Orc:2    | Killed an orc high priest
  4403 | Orc:2    | Noticed an orc sorcerer
  4411 | Orc:2    | Killed an orc sorcerer
  4414 | Orc:2    | Noticed an orc high priest
  4433 | Orc:2    | Killed an orc high priest
  4438 | Orc:2    | Noticed an orc high priest
  4450 | Orc:2    | Killed an orc high priest
  4461 | Orc:2    | Noticed an orc sorcerer
  4463 | Orc:2    | Noticed an orc knight
  4473 | Orc:2    | Killed an orc sorcerer
  4496 | Orc:2    | Killed an orc knight
  4496 | Orc:2    | Received a gift from Okawaru
  4504 | Orc:2    | Noticed an orc knight
  4517 | Orc:2    | Killed an orc knight
  4517 | Orc:2    | Reached XP level 12. HP: 51/110 MP: 15/15
  4518 | Orc:2    | Found Eliotz's General Store.
  4518 | Orc:2    | Found Dija's Distillery.
  4520 | Orc:2    | Found Veamiy's Weapon Emporium.
  4520 | Orc:2    | Found Jiczopp's Distillery.
  4531 | Orc:2    | Bought 2 potions of heal wounds for 130 gold pieces
  4534 | Orc:2    | Bought a potion of heal wounds for 65 gold pieces
  4534 | Orc:2    | Bought a potion of resistance for 130 gold pieces
  4534 | Orc:2    | Bought a potion of curing for 39 gold pieces
  4534 | Orc:2    | Bought a potion of curing for 39 gold pieces
  4534 | Orc:2    | Bought a potion of lignification for 39 gold pieces
  4534 | Orc:2    | Bought a potion of degeneration for 13 gold pieces
  4534 | Orc:2    | Bought a potion of brilliance for 52 gold pieces
  4534 | Orc:2    | Bought a potion of curing for 39 gold pieces
  4536 | Orc:2    | Bought a potion of curing for 45 gold pieces
  4536 | Orc:2    | Bought a potion of heal wounds for 75 gold pieces
  4536 | Orc:2    | Bought a potion of agility for 60 gold pieces
  4536 | Orc:2    | Bought a potion of mutation for 120 gold pieces
  4536 | Orc:2    | Bought a potion of might for 60 gold pieces
  4536 | Orc:2    | Bought a potion of agility for 60 gold pieces
  4657 | D:9      | Noticed a two-headed ogre
  4669 | D:9      | Killed a two-headed ogre
  4669 | D:9      | Reached skill level 15 in Axes
  4696 | D:9      | Found a staircase to the Lair.
  4800 | D:9      | Noticed a two-headed ogre
  4806 | D:9      | Killed a two-headed ogre
  4834 | D:9      | Found a white marble altar of Elyvilon.
  4906 | D:10     | Entered Level 10 of the Dungeon
  4910 | D:10     | Noticed a two-headed ogre
  4916 | D:10     | Killed a two-headed ogre
  4957 | D:10     | Found Xumily's General Store.
  5281 | D:11     | Noticed a two-headed ogre
  5288 | D:11     | Killed a two-headed ogre
  5498 | D:12     | 4thArraOfDagon: hi
  5597 | D:13     | Rekenzichi: Is this a custom char tile or a default?
  5612 | D:13     | Reached skill level 16 in Axes
  5842 | D:13     | 4thArraOfDagon: custom
  6045 | D:13     | Rekenzichi: what is it represents? I just can't ...
  6102 | D:13     | Noticed Nessos
  6103 | D:13     | Noticed Nessos
  6103 | D:13     | Nessos changed into Nessos the snapping turtle
  6113 | D:13     | Killed Nessos the snapping turtle
  6135 | D:14     | Got a twisted ring mail
  6142 | D:14     | murphy: u wanna know how to make your tile look like this?
  6176 | D:14     | Noticed a centaur warrior
  6190 | D:14     | Killed a centaur warrior
  6248 | D:14     | murphy: u wanna know how to make your tile look like this?
  6255 | D:14     | Noticed a two-headed ogre
  6258 | D:14     | Rekenzichi: nope
  6260 | D:14     | Killed a two-headed ogre
  6260 | D:14     | Reached XP level 13. HP: 46/118 MP: 15/17
  6284 | D:14     | Identified the +2 ring mail of Liberalism {rPois MR+ Int+3} (You found it on level 14 of the Dungeon)
  6349 | D:14     | Rekenzichi: I just can't understand what is it image about :D
  6747 | D:14     | Reached skill level 17 in Axes
  6774 | D:14     | murphy: hey guys my last win just moved our clan from 10th to 7th rank in the touney :)
  6785 | D:13     | quikTournament: sweet!
  6791 | D:13     | Noticed a tengu reaver
  6793 | D:13     | Rekenzichi: Wow
  6793 | D:13     | Rekenzichi: Well done
  7020 | D:14     | murphy: any ideas what to play next?
  7036 | D:14     | murphy: !charworth KoAm
  7036 | D:14     | Rekenzichi: MuMo :D
  7042 | D:14     | beem: 199
  7049 | D:14     | quikTournament: !charworth SpTm
  7055 | D:14     | beem: 166
  7096 | D:15     | Entered Level 15 of the Dungeon
  7097 | D:15     | Rekenzichi: !charworth MuMo
  7097 | D:15     | murphy: !charworth MuMo
  7100 | D:15     | beem: 125
  7102 | D:15     | Rekenzichi: LOL
  7107 | D:15     | beem: 125
  7159 | D:15     | Identified 2 scrolls of acquirement
  7159 | D:15     | quikTournament: !charworth MuAM
  7159 | D:15     | Turgon: Seeing this game I wonder if this is 4thArra or a new bot playing with 4thArra's account
  7159 | D:15     | beem: 152
  7159 | D:15     | 4thArraOfDagon: hii
  7159 | D:15     | murphy: i got over 600 points for my DgAE
  7159 | D:15     | Rekenzichi: !charworth CeAM
  7159 | D:15     | beem: 119
  7161 | D:15     | Got a twisted executioner's axe
  7162 | D:15     | Identified the +11 executioner's axe "Qabuq" {freeze, rPois Str+2} (You acquired it on level 15 of the Dungeon)
  7163 | D:15     | Rekenzichi: !charworth DrAs
  7163 | D:15     | beem: 145
  7170 | D:15     | murphy: hey turgon are u playing in a clan?
  7175 | D:15     | Turgon: Only in my own clan
  7202 | D:15     | Turgon: Which is named OctoAsh for some reason
  7247 | D:15     | Found a frozen archway.
  7249 | D:15     | Turgon: !charworth 4thArra
  7253 | D:15     | murphy: !charworth KoAM
  7254 | D:15     | Received a gift from Okawaru
  7255 | D:15     | beem: 1029.5
  7255 | D:15     | beem: 199
  7255 | D:15     | Turgon: lol
  7257 | D:15     | Rekenzichi: !charworth HaAs
  7257 | D:15     | Got a jewelled broad axe {god gift}
  7258 | D:15     | Identified the +9 broad axe of Linumuf {chop, rF+ Int-5 Dex+5} (Okawaru gifted it to you on level 15 of the Dungeon)
  7259 | D:15     | beem: 119
  7262 | IceCv    | Entered an ice cave
  7266 | IceCv    | murphy: !charworth OpVm
  7277 | IceCv    | beem: 199
  7278 | IceCv    | Rekenzichi: !charworth HaFi
  7292 | IceCv    | beem: 79
  7323 | IceCv    | Turgon: !charworth youdie
  7330 | IceCv    | beem: 1029.5
  7347 | IceCv    | Turgon: lol
  7406 | IceCv    | Got a spiked hat
  7417 | IceCv    | Identified the +0 hat "Zifuf" {+Inv rF+ Dex+4} (You found it in an ice cave)
  7424 | IceCv    | Noticed a frost giant
  7439 | IceCv    | Killed a frost giant
  7461 | IceCv    | Reached skill level 18 in Axes
  7466 | IceCv    | Turgon: WHAT! +11 exec axe of freezing!
  7565 | D:15     | Found a flickering gateway to a bazaar.
  7570 | Bazaar   | Entered a bazaar
  7570 | Bazaar   | Found Xedutofa's Armour Shoppe.
  7570 | Bazaar   | Found Jibinex's Magic Scroll Shoppe.
  7570 | Bazaar   | Found Juelasi's Food Shop.
  7572 | Bazaar   | Found Tocasiup's Armour Shop.
  7572 | Bazaar   | Found Quqapp's Food Emporium.
  7595 | Bazaar   | murphy: oh fuck
  7600 | Bazaar   | Turgon: ?
  7604 | Bazaar   | murphy: my game didn't count as an sif muna win
  7607 | Bazaar   | Bought the +5 scale mail "Temidopo" {rElec rPois Dex+10 SInv} for 651 gold pieces
  7617 | Bazaar   | murphy: i joined zin first
  7637 | D:15     | Turgon: Zin -> Sif (!)
  7644 | D:15     | murphy: then abandoned after i found sif on the same floor
  7648 | D:15     | Rekenzichi: Go KoAM. It's 199 points
  7648 | D:15     | Received a gift from Okawaru
  7798 | D:14     | murphy: hey 4thArra what would u suggest? OpVm or KoAm
  7800 | D:14     | Noticed a frost giant
  7807 | D:14     | Killed a frost giant
  7807 | D:14     | Reached XP level 14. HP: 53/127 MP: 11/19
  7809 | D:14     | murphy: both give 199 points
  7825 | D:14     | Rekenzichi: !charworth OpCK
  7834 | D:15     | beem: 216
  7844 | D:15     | Rekenzichi: LUL
  7859 | D:15     | murphy: i'm also on streak
  7916 | D:15     | Rekenzichi: then definatly go OpCK :D
  7935 | D:15     | Rekenzichi: definetly*
  8007 | D:14     | Reached skill level 1 in Dodging
  8028 | D:14     | Rekenzichi: definitely*
  8037 | D:14     | Rekenzichi: sry
  8107 | D:12     | Reached skill level 19 in Axes
  8287 | Lair:1   | Entered Level 1 of the Lair of Beasts
  8673 | Lair:3   | murphy: !charworth TeCj
  8692 | Lair:4   | beem: 181
  8727 | Lair:5   | murphy: hm..
  8736 | Lair:5   | Rekenzichi: Tengy is really nice race imo
  8760 | Lair:5   | murphy: yeah might play just that
  8780 | Lair:6   | Entered Level 6 of the Lair of Beasts
  8884 | Lair:6   | Reached skill level 5 in Dodging
  8924 | Lair:6   | Noticed Snorg
  8927 | Lair:6   | Rekenzichi: !charworth TeGl
  8932 | Lair:6   | Killed Snorg
  8934 | Lair:6   | beem: 149
  8934 | Lair:6   | Vajrapani: TeWr has been pretty easy for a nemelex choice
  8949 | Lair:6   | Reached skill level 20 in Axes
  8951 | Lair:6   | Found a staircase to the Slime Pits.
  9005 | Lair:6   | Received a gift from Okawaru
  9177 | Lair:6   | murphy: oh
  9257 | Lair:6   | Identified the Volume of Cold and Flames
  9262 | Lair:6   | murphy: varapani u are playing tengu
  9262 | Lair:6   | Rekenzichi: WOOOOOOOOOOOOOO
  9271 | Lair:6   | Rekenzichi: manual of axes
  9276 | Lair:6   | Rekenzichi: wtf
  9276 | Lair:6   | murphy: right so tengu isn't an option then
  9341 | Lair:6   | murphy: since only the highest counts for the clan
  9421 | Lair:5   | murphy: !charworth murphy
  9434 | Lair:5   | beem: 448.0
  9474 | Lair:4   | Found a staircase to the Shoals.
  9492 | Lair:4   | murphy: !charworth vajrapani
  9511 | Lair:4   | beem: 1029.5
  9563 | Lair:4   | Reached skill level 21 in Axes
  9632 | Lair:3   | Reached XP level 15. HP: 131/134 MP: 20/20
  9678 | Lair:3   | quikTournament: !charworth quikTournament
  9689 | Lair:3   | beem: 1029.5
  9695 | Lair:3   | quikTournament: :D
  9906 | Orc:1    | murphy: quik what would u suggest?
  9911 | Orc:1    | Killed Nergalle
  9931 | Orc:1    | murphy: !stalk exolun?
  9935 | Orc:1    | beem: Broken query near '? x=str,int,dex,gid fmt:'${name} the L${xl} ${char}^$(=godshortname ${god}) in ${place} ($src $(if $tiles tiles console)), T:$turn$(if ${urune} ", runes: ${urune} ($(=lastrunes * gid=${x[3]})$(if (> ${urune} 3) ...))"), defenses: ${ac}/${ev}/${sh}, stats: ${x[0]}/${x[1]}/$x[2]$(if ${fifteenskills} ", >15 skills: ${fifteenskills}")$(if ${maxskills} ", Max skills: ${maxskills}")...
  9939 | Orc:1    | murphy: !stalk exolun
  9943 | Orc:2    | beem: exolun the L27 KoBe^Trog in Depths:1 (cbro tiles), T:67428, runes: 3 (silver, serpentine, decaying), defenses: 40/24/21, stats: 26/21/19, >15 skills: Fighting,Short Blades,Throwing,Armour,Dodging,Stealth,Shields,Evocations
  9988 | Elf:1    | Entered Level 1 of the Elven Halls
  9991 | Elf:1    | quikTournament: me? what are the options?
 10024 | Elf:1    | Got an ancient chain mail
 10035 | Elf:1    | Identified the cursed +1 chain mail of Weirdness {rPois rC+ MR+ Int+2} (You found it on level 1 of the Elven Halls)
 10035 | Elf:1    | murphy: hm..
 10082 | Elf:1    | murphy: it's between OpVm and KoAm
 10091 | Elf:1    | Found a magical portal.
 10096 | WizLab   | Entered The Hall of the Hellbinder
 10113 | WizLab   | murphy: !charworth KoAm
 10120 | WizLab   | beem: 199
 10121 | WizLab   | Reached skill level 22 in Axes
 10124 | WizLab   | quikTournament: both sound terrible to me XD
 10127 | WizLab   | murphy: !charworth OpVm
 10139 | WizLab   | beem: 199
 10149 | WizLab   | quikTournament: I guess kobold is easier
 10211 | Elf:1    | Noticed Donald
 10212 | Elf:1    | murphy: also have a look on the god choices
 10224 | Elf:1    | Killed Donald
 10224 | Elf:1    | Received a gift from Okawaru
 10253 | Elf:1    | murphy: jivya is pretty high
 10254 | Elf:1    | murphy: but hard to get
 10276 | Elf:1    | murphy: so bad my game didn't count as an sif muna win
 10287 | Elf:1    | murphy: :(
 10319 | Elf:3    | Entered Level 3 of the Elven Halls
 10321 | Elf:3    | murphy: maybe u have an other combo?
 10344 | Elf:3    | Reached skill level 23 in Axes
 10391 | Elf:2    | Turgon: Play Furmicid Chaos Knight
 10408 | Elf:2    | quikTournament: what about the SpTm?
 10434 | Elf:3    | Found Doili's Gadget Emporium.
 10434 | Elf:3    | Found Cippupyo's Jewellery Boutique.
 10436 | Elf:3    | Found Urhe's Gadget Emporium.
 10443 | Elf:3    | Bought an uncursed amulet of regeneration for 420 gold pieces
 10540 | Elf:3    | murphy: hm..
 10540 | Elf:3    | Rekenzichi: !charworth SpBe
 10546 | Elf:3    | murphy: SpTm
 10548 | Elf:3    | beem: 132
 10565 | Elf:3    | Noticed a deep elf master archer
 10574 | Elf:3    | Killed a deep elf master archer
 10576 | Elf:3    | murphy: !charworth SpTm
 10585 | Elf:3    | beem: 166
 10591 | Elf:3    | Rekenzichi: Oh
 10594 | Elf:3    | Noticed a deep elf master archer
 10609 | Elf:3    | Killed a deep elf master archer
 10609 | Elf:3    | Reached skill level 24 in Axes
 10619 | Elf:3    | Noticed a deep elf sorcerer
 10629 | Elf:3    | Killed a deep elf sorcerer
 10638 | Elf:3    | murphy: how would u play a SpTm
 10641 | Elf:3    | Noticed a deep elf blademaster
 10648 | Elf:3    | Killed a deep elf blademaster
 10658 | Elf:3    | murphy: this is a teribble starting background
 10675 | Elf:3    | Noticed a deep elf sorcerer
 10678 | Elf:3    | Noticed a deep elf blademaster
 10678 | Elf:3    | murphy: and i'm on a streak
 10678 | Elf:3    | Killed a deep elf sorcerer
 10680 | Elf:3    | Gained mutation: You have a beak for a mouth. [mutagenic meat]
 10681 | Elf:3    | Gained mutation: You have sharp fingernails. [mutagenic meat]
 10685 | Elf:3    | Noticed a deep elf sorcerer
 10685 | Elf:3    | Killed a deep elf blademaster
 10697 | Elf:3    | Killed a deep elf sorcerer
 10697 | Elf:3    | Reached ****** piety under Okawaru
 10700 | Elf:3    | Noticed a deep elf master archer
 10713 | Elf:3    | Killed a deep elf master archer
 10718 | Elf:3    | Gained mutation: You are partially covered in slimy green scales. (AC +2) [mutagenic meat]
 10733 | Elf:3    | Turgon: Tolias streaked Wn a while ago
 10735 | Elf:3    | Noticed a deep elf blademaster
 10743 | Elf:3    | Killed a deep elf blademaster
 10743 | Elf:3    | Received a gift from Okawaru
 10743 | Elf:3    | Reached skill level 25 in Axes
 10744 | Elf:3    | quikTournament: I assumed a good player would use the speed
 10744 | Elf:3    | quikTournament: I would die, for sure :D
 10765 | Elf:3    | Noticed a deep elf master archer
 10777 | Elf:3    | Killed a deep elf master archer
 10802 | Elf:3    | Reached XP level 16. HP: 127/141 MP: 21/21
 10860 | Elf:3    | murphy: a big problem is the god choices too
 10929 | Elf:3    | quikTournament: !whichgod sptm
 10940 | Elf:3    | murphy: don't see anything itneresting and worth a lot of points
 10943 | Elf:3    | Rekenzichi: go with battle trance god
 10962 | Elf:3    | beem: 5 recent wins: 3x Gozag, Okawaru, Cheibriados
 10970 | Elf:3    | Cast into level 3 of the Abyss (a deep elf demonologist)
 10999 | Abyss:3  | Found a corrupted altar of Lugonu.
 11007 | Elf:3    | Escaped the Abyss
 11011 | Elf:3    | Noticed an Ice Fiend
 11068 | Elf:3    | Received a gift from Okawaru
 11108 | Elf:3    | Turgon: I'm surprised about 3 Goz
 11111 | Elf:3    | Noticed a deep elf master archer
 11113 | Elf:3    | Noticed a deep elf master archer
 11123 | Elf:3    | Turgon: Oka and Chei are classical Tm gods
 11126 | Elf:3    | Killed a deep elf master archer
 11127 | Elf:3    | Rekenzichi: Money ftw
 11127 | Elf:3    | Killed a deep elf master archer
 11190 | Elf:3    | Vajrapani: I'm seriously impressed, 10k turns elf:3
 11201 | Elf:3    | Got a pair of transparent gloves
 11207 | Elf:3    | Turgon: !hs 4thArraOfDagon -log
 11213 | Elf:3    | Rekenzichi: MiFi
 11223 | Elf:3    | beem: 13077. 4thArraOfDagon, XL27 VSMo, T:19225: http://crawl.xtahua.com/crawl/morgue/4thArraOfDagon/morgue-4thArraOfDagon-20151112-234357.txt
 11229 | Elf:3    | Turgon: 19.2 k for 15 runes
 11231 | Elf:3    | Rekenzichi: !charworth MiFi
 11233 | Elf:3    | beem: 15
 11262 | Elf:3    | Reached skill level 10 in Invocations
 11265 | Elf:3    | Identified the Handbook of Envenoming
 11277 | Elf:3    | Identified the +2 pair of gloves of the Centipede {rCorr Int-3 Dex+4 Stlth+} (You found it on level 3 of the Elven Halls)
 11277 | Elf:3    | Turgon: So many people play MiFi. Isn't this boring?
 11284 | Elf:3    | Got a pitted amber ring
 11292 | Elf:3    | Identified the Almanac of Burning Changing
 11297 | Elf:3    | Identified the Reference Book on Transmutation
 11310 | Elf:3    | Got a flickering pewter amulet
 11326 | Elf:3    | Identified the amulet of the Traitor {Harm *Drain Str+5} (You found it on level 3 of the Elven Halls)
 11331 | Elf:3    | Identified the ring "Muifaups" {+Fly Stlth+} (You found it on level 3 of the Elven Halls)
 11339 | Elf:3    | Got a scorched ruby amulet
 11340 | Elf:3    | Identified the amulet of Oxtevegh {RegenMP *Contam MR+++ MP+9 SInv} (You found it on level 3 of the Elven Halls)
 11404 | Elf:2    | Noticed Louise
 11411 | Elf:2    | Killed Louise
 11451 | Elf:2    | Received a gift from Okawaru
 12051 | Lair:4   | Found a hole to the Spider Nest.
 12073 | Spider:1 | Entered Level 1 of the Spider Nest
 12179 | Spider:2 | Noticed Jorgrun
 12192 | Spider:2 | Killed Jorgrun
 12220 | Spider:2 | Noticed Arachne
 12232 | Spider:2 | Killed Arachne
 12232 | Spider:2 | Reached XP level 17. HP: 131/152 MP: 22/24
 12249 | Spider:1 | Reached skill level 10 in Dodging
 12278 | Spider:2 | 4thArraOfDagon: laggg
 12391 | Spider:2 | Noticed Aizul
 12404 | Spider:2 | Killed Aizul
 12452 | Spider:3 | Rekenzichi: 3 uniqs in a row, wow
 12465 | Spider:4 | Entered Level 4 of the Spider Nest
 12549 | Spider:4 | Received a gift from Okawaru
 12674 | Spider:4 | Reached skill level 15 in Armour
 12794 | Spider:4 | Reached skill level 15 in Fighting
 12797 | Spider:4 | Received a gift from Okawaru
 12874 | Spider:4 | Got a gossamer rune of Zot
 13108 | Shoals:1 | Entered Level 1 of the Shoals
 13193 | Shoals:1 | Noticed Nikola
 13216 | Shoals:1 | Killed Nikola
 13313 | Shoals:1 | You fall through a shaft!
 13458 | Shoals:3 | Noticed Polyphemus
 13477 | Shoals:3 | Killed Polyphemus
 13508 | Shoals:4 | Entered Level 4 of the Shoals
 13522 | Shoals:4 | Learned a level 3 spell: Regeneration
 13526 | Shoals:4 | Learned a level 3 spell: Spectral Weapon
 13606 | Shoals:4 | Noticed Ilsuiw
 13615 | Shoals:4 | Reached XP level 18. HP: 129/163 MP: 17/26
 13618 | Shoals:4 | Reached skill level 1 in Necromancy
 13638 | Shoals:4 | Killed Ilsuiw
 13671 | Shoals:4 | Reached skill level 1 in Charms
 13682 | Shoals:4 | Reached skill level 1 in Hexes
 13775 | Shoals:4 | Received a gift from Okawaru
 13809 | Shoals:4 | Got a barnacled rune of Zot
 14035 | Slime:1  | Entered Level 1 of the Pits of Slime
 14044 | Slime:1  | Reached skill level 1 in Spellcasting
 14213 | Slime:4  | Gained mutation: You have large cloven feet. [a shining eye]
 14244 | Slime:5  | Entered Level 5 of the Pits of Slime
 14259 | Slime:5  | Received a gift from Okawaru
 14421 | Slime:5  | Identified the +1 battleaxe "Hiycylo" {freeze, SInv} (Okawaru gifted it to you on level 5 of the Pits of Slime)
 14571 | Slime:5  | Noticed the Royal Jelly
 14637 | Slime:5  | Paralysed by a floating eye for 2 turns
 14640 | Slime:5  | Rekenzichi: NOOOO
 14648 | Slime:5  | Found a viscous altar of Jiyva.
 14720 | Slime:5  | Killed the Royal Jelly
 14756 | Slime:5  | Learned a level 5 spell: Silence
 14787 | Slime:5  | Learned a level 5 spell: Lee's Rapid Deconstruction
 14790 | Slime:5  | Learned a level 2 spell: Passwall
 14815 | Slime:5  | Received a gift from Okawaru
 14836 | Slime:5  | Got a slimy rune of Zot
 14843 | Slime:5  | Reached XP level 19. HP: 123/172 MP: 24/27
 14853 | Slime:5  | Identified the cursed +0 pair of gloves of Zenezink {Str+3} (You found it on level 5 of the Pits of Slime)
 15058 | D:9      | 4thArraOfDagon: no mak :/
 15112 | D:10     | Lost mutation: You have large cloven feet. [mutagenic meat]
 15113 | D:10     | Gained mutation: You expend magic power (3 MP) to strengthen your wands. [mutagenic meat]
 15114 | D:10     | Gained mutation: You are robust. (+10% HP) [mutagenic meat]
 15115 | D:10     | Gained mutation: You are partially covered in thin metallic scales. (AC +2) [mutagenic meat]
 15116 | D:10     | Lost mutation: You expend magic power (3 MP) to strengthen your wands. [mutagenic meat]
 15117 | D:10     | Rekenzichi: Why did you change +11 to +1?
 15138 | D:11     | Rekenzichi: exec axe
 15235 | D:12     | Rekenzichi: of nvm
 15369 | D:13     | Found a gate to the Vaults.
 15390 | Vaults:1 | Entered Level 1 of the Vaults
 15409 | Vaults:1 | Rekenzichi: oh*
 15436 | Vaults:1 | Noticed a lich
 15458 | Vaults:1 | Killed a lich
 15458 | Vaults:1 | Received a gift from Okawaru
 15469 | Vaults:1 | Reached skill level 5 in Necromancy
 15484 | Vaults:1 | Found Ylif's Food Boutique.
 15489 | Vaults:1 | Identified the +1 scale mail "Roguste" {rPois rN++ SInv Stlth-} (Okawaru gifted it to you on level 1 of the Vaults)
 15494 | Vaults:1 | Found Leorgh's Assorted Antiques.
 15519 | Vaults:1 | Found Curah's Armour Boutique.
 15601 | Vaults:1 | Reached skill level 5 in Charms
 15679 | Vaults:2 | Reached skill level 5 in Hexes
 15740 | Vaults:2 | Noticed inmateoo's ghost (adept KoAs)
 15761 | Vaults:2 | Killed inmateoo's ghost
 15763 | Vaults:2 | rip bud
 15983 | Vaults:1 | Found Joiff's Food Emporium.
 15990 | Vaults:1 | Received a gift from Okawaru
 16079 | Vaults:1 | Reached XP level 20. HP: 183/199 MP: 28/28
 16196 | Vaults:3 | Received a gift from Okawaru
 16197 | Vaults:3 | Identified the +1 crystal plate armour of the Robin {-Cast rC+++ rN+ Dex+3} (Okawaru gifted it to you on level 3 of the Vaults)
 16244 | Vaults:3 | Found Modo's General Store.
 16333 | Vaults:4 | Noticed Saint Roka
 16357 | Vaults:4 | Killed Saint Roka
 16393 | Vaults:4 | Noticed Boris
 16405 | Vaults:4 | Killed Boris
 16541 | Vaults:4 | Noticed Mara
 16556 | Vaults:4 | Killed Mara
 16599 | Vaults:4 | Received a gift from Okawaru
 16805 | Vaults:4 | jacquesderrida: DAGRAN
 16895 | Vaults:5 | Entered Level 5 of the Vaults
 16900 | Vaults:5 | 4thArraOfDagon: suopp
 16904 | Vaults:5 | Reached skill level 1 in Air Magic
 16904 | Vaults:5 | Reached XP level 21. HP: 203/207 MP: 19/29
 16904 | Vaults:5 | Received a gift from Okawaru
 16916 | Vaults:5 | Noticed a golden dragon
 16934 | Vaults:5 | Killed a golden dragon
 16936 | Vaults:5 | Received a gift from Okawaru
 16961 | Vaults:5 | Identified the +0 chain mail "Biywnuac" {Int+4} (Okawaru gifted it to you on level 5 of the Vaults)
 16974 | Vaults:5 | Reached skill level 5 in Spellcasting
 17114 | Vaults:5 | Identified the Handbook of Flames and Toxins
 17161 | Vaults:5 | Got an ancient lapis lazuli ring
 17163 | Vaults:5 | Identified the ring of the Firefly {rCorr *Contam rF+ rC+++ Dex+2} (You found it on level 5 of the Vaults)
 17240 | Vaults:5 | Got a pitted bronze amulet
 17250 | Vaults:5 | Got a ring of the Octopus King
 17254 | Vaults:5 | Got a silver rune of Zot
 17255 | Vaults:5 | Identified Sif Muna's Volume of Cold
 17259 | Vaults:5 | Identified the amulet "Rygiuw" {Faith Str+9} (You found it on level 5 of the Vaults)
 17395 | Vaults:5 | Rekenzichi: JD PogChamp
 17418 | Vaults:5 | Rekenzichi: !!!
 17435 | Vaults:5 | Noticed an ancient lich
 17455 | Vaults:5 | Killed an ancient lich
 17455 | Vaults:5 | Received a gift from Okawaru
 17463 | Vaults:5 | Reached skill level 5 in Air Magic
 17487 | Vaults:5 | Identified the amulet "Cahom" {Faith Int+2} (You took it off a tengu reaver on level 5 of the Vaults)
 17488 | Vaults:5 | jacquesderrida: Kraken zitter
 17491 | Vaults:5 | jacquesderrida: Welcome to dagen
 17543 | Vaults:5 | Cast into level 3 of the Abyss (a deep elf demonologist)
 17544 | Abyss:3  | thx
 17551 | Abyss:3  | Rekenzichi: Rozencartz
 17590 | Abyss:3  | jacquesderrida: rozenkrantz and gildenstern
 17599 | Abyss:3  | jacquesderrida: they be ded
 17621 | Abyss:3  | Rekenzichi: How's removemolted doing?
 17642 | Abyss:3  | Reached XP level 22. HP: 220/220 MP: 30/30
 17701 | Abyss:3  | jacquesderrida: It's lost
 17701 | Abyss:3  | Rekenzichi: nooo
 17745 | Abyss:3  | Rekenzichi: but his challenge will be alive FOREVER
 17789 | Vaults:5 | Escaped the Abyss
 17797 | Vaults:5 | Rekenzichi: if I won't improve ofc
 17847 | Vaults:5 | Identified the +6 scale mail of the Camelopard {+Blink} (You found it on level 5 of the Vaults)
 17860 | Vaults:5 | Rekenzichi: Army is breaking ppl
 17863 | Vaults:5 | Rekenzichi: That's sad
 18138 | Vaults:2 | Found a staircase to the Crypt.
 18138 | Vaults:2 | Found an ancient bone altar of Kikubaaqudgha.
 18141 | Vaults:2 | Found a basalt altar of Yredelemnul.
 18219 | Vaults:2 | Rekenzichi: JD, how's tournament going for ya?
 18220 | Vaults:2 | Identified a ring of the Octopus King {rCorr AC+1 EV+1 Str+1 Int+1 Dex+1} (You found it on level 5 of the Vaults)
 18224 | Crypt:1  | Entered Level 1 of the Crypt
 18278 | Crypt:1  | ReniFell: jd cant play craewl
 18283 | Crypt:1  | Received a gift from Okawaru
 18285 | Crypt:1  | ReniFell: and hes gaii
 18292 | Crypt:1  | jacquesderrida: Unnoticed
 18307 | Crypt:1  | Rekenzichi: He lost his arms? o_O
 18315 | Crypt:1  | ReniFell: no
 18325 | Crypt:1  | ReniFell: his brain
 18342 | Crypt:1  | Rekenzichi: what happened then?
 18354 | Crypt:1  | Got a pair of bloodstained gloves {god gift}
 18373 | Crypt:1  | Identified the +0 pair of gloves of Okawaru's Hatred {MR+ Str+3 Int+3} (Okawaru gifted it to you on level 1 of the Crypt)
 18373 | Crypt:1  | jacquesderrida: Ренидебил в состоянии перпетуального батхерта...
 18373 | Crypt:1  | Rekenzichi: T_T
 18422 | Crypt:1  | jacquesderrida: эххххххх
 18487 | Crypt:1  | ReniFell: :DDDDDDDDDDDDDD
 18534 | Crypt:1  | Noticed Boris
 18535 | Crypt:1  | ReniFell: net jak
 18541 | Crypt:1  | Killed Boris
 18545 | Crypt:1  | Rekenzichi: JD, will you help me beat the challenge of our dragon-loving friend?
 18547 | Crypt:1  | ReniFell: etto u tebya bambit
 18581 | Crypt:2  | jacquesderrida: Can't help
 18594 | Crypt:2  | jacquesderrida: I've lost all my limbs
 18596 | Crypt:2  | Rekenzichi: T_T
 18617 | Crypt:2  | ReniFell: and ur ass
 18637 | Crypt:2  | Rekenzichi: But you can type
 18658 | Crypt:2  | jacquesderrida: I nosetype
 18667 | Crypt:2  | Rekenzichi: That's enough
 18683 | Crypt:2  | ReniFell: omg
 18688 | Crypt:2  | jacquesderrida: And occasionally tonguetype
 18700 | Crypt:3  | Entered Level 3 of the Crypt
 18701 | Crypt:3  | ReniFell: hot
 18721 | Crypt:3  | Rekenzichi: What about benis type?
 18795 | Crypt:3  | ReniFell: thats some kinda bad type of typing
 18802 | Crypt:3  | jacquesderrida: type-O negative
 18858 | Crypt:3  | ReniFell: typing types
 18893 | Crypt:3  | jacquesderrida: Vazhine typing
 19035 | Crypt:3  | Rekenzichi: If you wanna help, find me in the players list
 19124 | Crypt:3  | Found an ancient bone altar of Kikubaaqudgha.
 19155 | Crypt:3  | Noticed an ancient lich
 19165 | Crypt:3  | Killed an ancient lich
 19180 | Crypt:3  | Learned a level 4 spell: Passage of Golubria
 19183 | Crypt:3  | Learned a level 2 spell: Swiftness
 19281 | Crypt:3  | Received a gift from Okawaru
 19285 | Crypt:3  | Got a translucent battleaxe {god gift}
 19286 | Crypt:3  | Identified the +7 battleaxe "Dragonslayer" {chop, Int+3} (Okawaru gifted it to you on level 3 of the Crypt)
 19421 | Crypt:3  | Reached skill level 1 in Translocations
 19524 | Crypt:3  | Found a staircase to the Tomb.
 19544 | Crypt:3  | Reached XP level 23. HP: 229/229 MP: 31/31
 19560 | Tomb:1   | Entered Level 1 of the Tomb of the Ancients
 19631 | Tomb:1   | Noticed Frederick
 19641 | Tomb:1   | Killed Frederick
 19663 | Tomb:1   | Paralysed by a sphinx for 6 turns
 19722 | Tomb:1   | Received a gift from Okawaru
 19736 | Tomb:1   | Paralysed by a sphinx for 5 turns
 19799 | Tomb:1   | Noticed a greater mummy
 19836 | Tomb:1   | Killed a greater mummy
 19836 | Tomb:1   | Reached skill level 15 in Dodging
 19953 | Tomb:1   | Noticed a greater mummy
 19960 | Tomb:1   | Killed a greater mummy
 20072 | Tomb:1   | 4thArraOfDagon: lets roll this
 20076 | Tomb:2   | Noticed a greater mummy
 20078 | Tomb:2   | Noticed an ancient lich
 20081 | Tomb:2   | Noticed a greater mummy
 20081 | Tomb:2   | Noticed a greater mummy
 20171 | Tomb:2   | 4thArraOfDagon: no apport no blink
 20171 | Tomb:2   | 4thArraOfDagon: will be rough
 20173 | Tomb:3   | Entered Level 3 of the Tomb of the Ancients
 20176 | Tomb:3   | Noticed Khufu
 20176 | Tomb:3   | Noticed a greater mummy
 20204 | Tomb:3   | Noticed a greater mummy
 20207 | Tomb:3   | Noticed a greater mummy
 20213 | Tomb:3   | Noticed an ancient lich
 20214 | Tomb:3   | Noticed a greater mummy
 20217 | Tomb:3   | HP: 9/232 [death scarab (12)]
 20222 | Tomb:3   | HP: 9/232 [death scarab (15)]
 20223 | Tomb:3   | HP: 4/232 [poisoned by an ushabti (dark miasma)]
 20224 | Tomb:3   | HP: 1/232 [poisoned by an ushabti (dark miasma)]
 20227 | Tomb:3   | Vajrapani: oh boy
 20228 | Tomb:3   | Noticed a greater mummy
 20228 | Tomb:3   | 4thArraOfDagon: yea
 20228 | Tomb:3   | 4thArraOfDagon: like i said no blink
 20228 | Tomb:3   | Mangled by Khufu

Skill      XL: |  1  2  3  4  5  6  7  8  9 10 11 12 13 14 15 16 17 18 19 20 21 22 23 |
---------------+----------------------------------------------------------------------+-----
Axes           | 3 4 5 6 8 10 12 13 14 16 18 21 25 | 25.0
Armour         | 4 5 6 7 9 10 11 12 13 14 15 16 17 18 19 | 19.0
Fighting       | 4 5 6 7 9 10 11 12 14 15 16 17 18 | 18.7
Invocations    | 1 2 3 4 6 7 9 10 12 | 12.7
Evocations     | 2 4 |  4.3
Dodging        | 7 9 11 12 13 14 15 | 15.2
Necromancy     | 3 6 7 |  7.9
Charms         | 3 6 7 |  7.5
Hexes          | 3 5 7 8 9 |  9.1
Spellcasting   | 2 3 4 5 6 |  6.4
Air Magic      | 1 5 7 |  7.6
Translocations | 1 4 |  4.7
Shields        | |  3.6

Action                   |  1- 3 |  4- 6 |  7- 9 | 10-12 | 13-15 | 16-18 | 19-21 | 22-24 || total
-------------------------+-------+-------+-------+-------+-------+-------+-------+-------++-------
Melee: War axe           |    73 |    53 |    38 |   389 |    97 |       |       |       ||   650
       Headbutt          |     6 |     8 |    45 |    94 |   151 |   179 |   245 |   198 ||   926
       Battleaxe         |       |       |   175 |   102 |       |       |       |       ||   277
       Punch             |       |       |     1 |     9 |     6 |       |       |       ||    16
       Executioner's axe |       |       |       |       |   461 |   687 |   778 |   577 ||  2503
       Peck              |       |       |       |       |     4 |   191 |   261 |   193 ||   649
Throw: Throwing net      |       |       |       |     5 |     2 |       |       |       ||     7
 Cast: Regeneration      |       |       |       |       |       |       |    31 |    58 ||    89
       Spectral Weapon   |       |       |       |       |       |       |       |     1 ||     1
       Silence           |       |       |       |       |       |       |       |     2 ||     2
       Passage of Golubr |       |       |       |       |       |       |       |     1 ||     1
Invok: Heroism           |       |     3 |    12 |    35 |    37 |    38 |    29 |    19 ||   173
       Finesse           |       |       |       |     5 |     7 |    10 |     7 |     2 ||    31
 Abil: Evoke Berserk Rag |       |       |       |     1 |       |       |       |       ||     1
       Evoke Flight      |       |       |       |       |       |     1 |       |       ||     1
Evoke: Wand              |       |     5 |     8 |    14 |     5 |     6 |       |     2 ||    40
       Phantom mirror    |       |       |       |       |       |     1 |       |       ||     1
  Use: Potion            |       |     1 |     1 |     1 |     4 |     9 |       |    19 ||    35
       Scroll            |       |       |    13 |     5 |    19 |    15 |    10 |    14 ||    76
 Stab: Held in net/web   |       |       |       |     7 |     1 |     1 |       |       ||     9
       Sleeping          |       |       |       |       |     4 |     5 |       |       ||     9
       Petrifying        |       |       |       |       |     1 |       |       |       ||     1
       Petrified         |       |       |       |       |     1 |       |       |       ||     1
       Distracted        |       |       |       |       |     1 |     1 |       |     1 ||     3
  Eat: Fruit             |       |       |     3 |       |       |     4 |     7 |     7 ||    21
       Royal jelly       |       |       |     4 |     2 |     6 |       |     2 |     2 ||    16
       Meat ration       |       |       |     1 |       |       |     1 |       |     3 ||     5
       Chunk             |       |       |       |     8 |     8 |     4 |     5 |     1 ||    26
       Bread ration      |       |       |       |       |       |     1 |       |       ||     1
Armor: Scale mail        |     9 |       |       |       |    53 |    40 |       |   177 ||   279
       Plate armour      |    45 |    49 |   118 |   101 |       |       |       |       ||   313
       Chain mail        |       |       |       |   128 |    94 |   181 |   229 |    39 ||   671
       Troll leather arm |       |       |       |       |    28 |     5 |       |       ||    33
Dodge: Dodged            |    41 |    28 |    62 |   194 |   396 |   587 |   603 |   659 ||  2570
